Cogmind - Beta 13 @@@ ROGUE MODE // 2024.07.09 @ 13:00:22 Player: ThatBishHoly Result: Destroyed by G-47 Trooper with Particle Gun Performance ------------- Evolutions (2) 1000 Regions Visited (4) 800 Robots Destroyed (39) 195 Value Destroyed (1056) 1056 Prototype IDs (2) 40 Alien Tech Used (0) 0 Bonus (0) 0 TOTAL SCORE: 3091 Bonus ------- None Cogmind --------- Core Integrity 0/550 Matter 300/300 Energy 100/100 System Corruption 2% Temperature Cool (9) Movement Core (200) Ox3 Location -8/Storage Parts ------- > --- POWER (1) -------- (None) > --- PROPULSION (5) --- (None) > --- UTILITY (3) ------ Medium Storage Unit > --- WEAPON (2) ------- (None) > --- INVENTORY (10) --- Advanced Treads Improved Aluminum Leg Large Battery (200) Kinecellerator Weapon Cycler ECM Suite Light Assault Rifle Datajack Peak State ------------ > --- POWER ------------ Light Deuterium Engine > --- PROPULSION ------- Carbon-fiber Leg Carbon-fiber Leg Carbon-fiber Leg Carbon-fiber Leg Carbon-fiber Leg > --- UTILITY ---------- Medium Storage Unit Improved Sensor Array Improved Light Armor Plating > --- WEAPON ----------- Improved EM Shotgun Improved EM Shotgun > --- INVENTORY -------- Large Battery Kinecellerator Weapon Cycler ECM Suite Improved Light Armor Plating Improved EM Shotgun Light Assault Rifle Light Assault Rifle Datajack [Rating: 32] Favorites ----------- Power Light Ion Engine Engine Light Ion Engine Power Core Nuclear Core Propulsion Carbon-fiber Leg Leg Carbon-fiber Leg Flight Unit Flight Unit Utility Medium Storage Unit Device Sensor Array Storage Medium Storage Unit Protection Improved Light Armor Plating Weapon Light Assault Rifle Energy Gun Improved EM Shotgun Ballistic Gun Light Assault Rifle Ballistic Cannon Assault Cannon Build | -11 -10 -9 -8 -8 ------- Run | Yrd Mat Mat Mat Sto Slots Evolved 4 | . . 2 2 . Power . | . . . . . Propulsion 3 | . . 1 2 . Utility 1 | . . 1 . . Weapon . | . . . . . Parts Attached 52 | 6 6 16 10 14 Power 5 | 1 . 2 . 2 Engine 4 | 1 . 1 . 2 Core 1 | . . 1 . . Reactor . | . . . . . Propulsion 22 | 2 3 7 7 3 Treads . | . . . . . Leg 15 | 2 1 3 6 3 Wheel . | . . . . . Hover . | . . . . . Flight 7 | . 2 4 1 . Utility 12 | 1 2 5 1 3 Device 6 | . 2 3 . 1 Storage 2 | 1 . 1 . . Processor . | . . . . . Hackware . | . . . . . Protection 4 | . . 1 1 2 Artifact . | . . . . . Weapon 13 | 2 1 2 2 6 Energy Gun 3 | . . . . 3 Energy Cannon . | . . . . . Ballistic Gun 9 | 2 1 2 1 3 Ballistic Cannon 1 | . . . 1 . Launcher . | . . . . . Special Weapon . | . . . . . Impact Weapon . | . . . . . Slashing Weapon . | . . . . . Piercing Weapon . | . . . . . Special Melee Weapon . | . . . . . Unidentified Prototypes 2 | . . . 1 1 Parts Lost 25 | . 4 2 2 17 Power 3 | . 1 . 1 1 Propulsion 11 | . 2 1 . 8 Utility 4 | . . 1 . 3 Weapon 7 | . 1 . 1 5 Highest Loss Streak 13 | . 4 2 1 13 To Critical Strikes . | . . . . . Average Slot Usage (%) 90 | . 85 87 97 92 Engine 6 | . 7 7 . 7 Core 1 | . . 1 8 . Leg 29 | . 15 3 45 42 Flight 7 | . 8 25 . . Device 9 | . 12 7 9 8 Storage 10 | . 14 11 9 9 Protection 7 | . . 8 9 8 Energy Gun 1 | . . . . 2 Ballistic Gun 15 | . 25 22 15 7 Ballistic Cannon 2 | . . . 1 4 Naked Turns . | . . . . . Heaviest Build 27 | 10 11 21 27 25 Greatest Support 77 | 20 20 45 77 77 Greatest Overweight (x) 3 | . 2 3 . 3 Average Overweight (x) . | . . . . . Largest Inventory Capacity 10 | 8 8 10 10 10 Average Capacity 9 | 7 8 8 10 10 Most Carried 10 | 5 8 9 10 10 Average Carried 7 | . 3 7 9 9 Final Capacity 10 | 8 8 10 10 10 Final Carried 10 | . 7 9 10 8 Class Distribution -------------------- 86% | Mutant 13% | Scavenger-Mutant Dominant Class ---------------- Mutant | -10/Materials Scavenger-Mutant | -9/Materials Mutant | -8/Materials Mutant | -8/Storage Resources | -11 -10 -9 -8 -8 ----------- Run | Yrd Mat Mat Mat Sto Matter Collected 1117 | 260 81 88 280 408 Remotely 106 | . 81 25 . . Salvage Created 1195 | . 178 146 338 533 Parts 80 | . 10 15 16 39 Haulers Intercepted 2 | . 1 . . 1 Recyclers Shooed . | . . . . . Parts Field Recycled . | . . . . . Retrieved Matter . | . . . . . Parts Self-Destructed . | . . . . . Prevented . | . . . . . Kills | -11 -10 -9 -8 -8 ------- Run | Yrd Mat Mat Mat Sto Combat Hostiles Destroyed 35 | . 4 10 9 12 Guns 28 | . 4 10 8 6 Cannons 5 | . . . 1 4 AOE 2 | . . . . 2 Classes Destroyed 8 | . 3 . 2 3 Hauler 2 | . 1 . . 1 Recycler 1 | . . . . 1 Watcher 1 | . . . . 1 Swarmer 17 | . 2 10 2 3 Grunt 11 | . 2 . 5 4 Duelist 1 | . . . . 1 Sentry 5 | . . . 1 4 Hunter 1 | . . . 1 . Best Kill Streak 7 | . 3 7 3 5 Combat Bots Only 7 | . 3 7 3 4 Max Kills in Single Turn 3 | . 1 1 1 3 Gunslinging . | . . . . . Exploded 2 | . . . . 2 Melee . | . . . . . Uniques/NPCs Destroyed . | . . . . . Combat | -11 -10 -9 -8 -8 -------- Run | Yrd Mat Mat Mat Sto Hostile Shots Fired 347 | . 82 43 80 142 Missed 92 | . 23 18 17 34 Damage Taken 3503 | . 505 196 999 1803 Core 728 | . 124 49 146 409 Absorbed by Shields . | . . . . . Redirected to Shielding 2 | . . 2 . . Regen/Repaired (Parts) 21 | . 21 . . . Core Remaining (%) 79 | 100 50 87 . . Volleys Fired 151 | . 25 18 50 58 Largest 2 | . 2 2 2 2 Hottest 90 | . 40 40 64 90 Shots Fired 262 | . 46 36 90 90 Gun 229 | . 46 36 81 66 Cannon 33 | . . . 9 24 Launcher . | . . . . . Special . | . . . . . Kinetic 256 | . 46 36 90 84 Thermal . | . . . . . Explosive . | . . . . . Electromagnetic 6 | . . . . 6 Robot Hit Streak 14 | . 8 3 14 12 Robot Miss Streak 4 | . 4 3 4 4 Penetration Max . | . . . . . Secondary Targets 9 | . 2 5 1 1 Max Gunslinging Chain 1 | . 1 1 1 1 Shots Hit Robots 177 | . 33 17 70 57 Core Hits 86 | . 12 12 31 31 Critical Kills . | . . . . . Critical Parts Destroyed 2 | . 1 . 1 . Critical Strikes 3 | . 1 . 2 . Destroy 2 | . 1 . 1 . Blast 1 | . . . 1 . Melee Attacks . | . . . . . Impact . | . . . . . Slashing . | . . . . . Piercing . | . . . . . Sneak Attacks . | . . . . . Combat Hostiles . | . . . . . Follow-up Attacks . | . . . . . Damage Inflicted 2147 | . 261 150 829 907 Guns 1478 | . 259 150 679 390 Cannons 432 | . . . 147 285 Explosions 226 | . . . . 226 Melee . | . . . . . Ramming 11 | . 2 . 3 6 Kinetic 1843 | . 259 150 826 608 Thermal . | . . . . . Explosive 226 | . . . . 226 Electromagnetic 67 | . . . . 67 Impact . | . . . . . Slashing . | . . . . . Piercing . | . . . . . Highest Corruption 2 | . . . . 2 Average Corruption 2 | . . . . 2 Corruption Purged . | . . . . . Corruption Blocked . | . . . . . Effects 1 | . . . . 1 Energy Discharges 1 | . . . . 1 Overload Shots . | . . . . . Overflow Damage 8 | . . . . 8 Projectiles . | . . . . . Explosions 8 | . . . . 8 Melee . | . . . . . Knockbacks 6 | . . . 4 2 Impact . | . . . . . Kinetic 6 | . . . 4 2 Secondary . | . . . . . Self-Inflicted Damage 80 | . . . . 80 Shots 1 | . . . . 1 Rammed 3 | . . . . 3 Targets Rammed 6 | . 1 . 1 4 Kicked 3 | . 1 . 1 1 Crushed . | . . . . . Highest Temperature 68 | . 24 . 68 66 Average Temperature 19 | . 9 . 20 20 Received Heat Transfer 1344 | . 102 . 450 792 Siege Activations . | . . . . . Robots Corrupted . | . . . . . Combat Hostiles . | . . . . . Parts Fried . | . . . . . Impact Corruptions . | . . . . . Robots Melted . | . . . . . Combat Hostiles . | . . . . . Parts Melted . | . . . . . Heat Transferred . | . . . . . Parts Sabotaged . | . . . . . Parts Stolen . | . . . . . Parts Stripped . | . . . . . Power Chain Reactions . | . . . . . Alert | -11 -10 -9 -8 -8 ------- Run | Yrd Mat Mat Mat Sto Peak Influence 335 | . 87 291 298 335 Initial 125 | . . 36 38 125 Average 167 | . 38 186 143 231 Maximum Alert Level 1 | . . 1 1 1 Low Security (%) 56 | 100 100 59 56 33 Level 1 43 | . . 40 43 66 Level 2 . | . . . . . Level 3 . | . . . . . Level 4 . | . . . . . Level 5 . | . . . . . High Security . | . . . . . Max Security . | . . . . . Squads Dispatched 3 | . . . 1 2 Investigation 2 | . . . . 2 Extermination . | . . . . . Reinforcement 1 | . . . 1 . Assault . | . . . . . Garrison . | . . . . . Intercept . | . . . . . Searches Triggered . | . . . . . Construction Impeded . | . . . . . Haulers Reinforced . | . . . . . Active Scanning Responses . | . . . . . Cargo Convoy Interrupts . | . . . . . Stealth | -11 -10 -9 -8 -8 --------- Run | Yrd Mat Mat Mat Sto Distress Signals 6 | . . 2 3 1 Communications Jammed . | . . . . . Distress Signals . | . . . . . Times Spotted 56 | . 6 17 11 22 Peak Tracking Total 10 | . 5 10 6 6 Tactical Retreats 8 | . . 5 2 1 Traps | -11 -10 -9 -8 -8 ------- Run | Yrd Mat Mat Mat Sto Traps Triggered 1 | . . . . 1 Indirectly . | . . . . . Trap Hack Attempts . | . . . . . Triggered . | . . . . . Disarmed . | . . . . . Reprogrammed . | . . . . . Reused . | . . . . . Traps Extracted . | . . . . . Installed . | . . . . . Triggered . | . . . . . Machines | -11 -10 -9 -8 -8 ---------- Run | Yrd Mat Mat Mat Sto Machines Disabled 3 | . . . . 3 Max in Single Turn 2 | . . . . 2 Machines Repaired . | . . . . . Machines Dismantled . | . . . . . Machines Sabotaged . | . . . . . Overloaded Fab Kills . | . . . . . Hacking | -11 -10 -9 -8 -8 --------- Run | Yrd Mat Mat Mat Sto Machines Accessed 10 | . 3 1 2 4 Terminals 8 | . 2 1 2 3 Fabricators . | . . . . . Repair Stations 1 | . 1 . . . Recycling Units 1 | . . . . 1 Scanalyzers . | . . . . . Garrison Access . | . . . . . Total Hacks 30 | . 5 1 6 18 Successful 14 | . 4 1 1 8 Failed 16 | . 1 . 5 10 Catastrophic 1 | . . . . 1 Database Lockouts . | . . . . . Manual 9 | . . . . 9 Terminals 22 | . 3 1 6 12 Fabricators . | . . . . . Repair Stations 2 | . 2 . . . Recycling Units 6 | . . . . 6 Scanalyzers . | . . . . . Garrison Access . | . . . . . Terminal Hacks 8 | . 2 1 1 4 Branch Access Points 1 | . . . . 1 Unreport Threat 1 | . . 1 . . Hauler Manifests 1 | . 1 . . . Registered Components 2 | . 1 . . 1 Zone Layout 3 | . . . 1 2 Fabricator Hacks . | . . . . . Repair Station Hacks 2 | . 2 . . . Scan Component 1 | . 1 . . . Repair 1 | . 1 . . . Recycling Unit Hacks 3 | . . . . 3 Report Inventory 2 | . . . . 2 Retrieve Components 1 | . . . . 1 Scanalyzer . | . . . . . Garrison Access Hacks . | . . . . . Unauthorized Hacks 1 | . . . . 1 Terminals . | . . . . . Fabricators . | . . . . . Repair Stations . | . . . . . Recycling Units 1 | . . . . 1 Reject 1 | . . . . 1 Scanalyzers . | . . . . . Garrison Access . | . . . . . Data Cores Recovered . | . . . . . Used . | . . . . . Hacking Detections 8 | . 2 1 2 3 Full Trace Events 2 | . . . . 2 Feedback Events . | . . . . . Feedback Blocked . | . . . . . Robot Schematics Acquired . | . . . . . Robots Built . | . . . . . Authchips . | . . . . . Time . | . . . . . Total Robot Build Rating . | . . . . . Part Schematics Acquired . | . . . . . Parts Built . | . . . . . Authchips . | . . . . . Time . | . . . . . Total Part Build Rating . | . . . . . Parts Repaired 1 | . 1 . . . Time 26 | . 26 . . . Parts Recycled . | . . . . . Recycled Matter . | . . . . . Retrieved Matter . | . . . . . Retrieved Components 9 | . . . . 9 Parts Scanalyzed . | . . . . . Part Schematics Acquired . | . . . . . Parts Damaged . | . . . . . Bothacking | -11 -10 -9 -8 -8 ------------ Run | Yrd Mat Mat Mat Sto Used RIF Installer . | . . . . . Robots Hacked . | . . . . . Non-combat . | . . . . . Combat . | . . . . . Robot Hacks Applied . | . . . . . Relay Couplers Released . | . . . . . Fabnet Peak Effective % . | . . . . . Robots Rewired . | . . . . . Allies Hacked . | . . . . . Hacks Repelled . | . . . . . Allies | -11 -10 -9 -8 -8 -------- Run | Yrd Mat Mat Mat Sto Total Allies . | . . . . . Largest Group . | . . . . . Highest-Rated Group . | . . . . . Highest-Rated Ally . | . . . . . Total Orders . | . . . . . Ally Attacks . | . . . . . Total Damage . | . . . . . Kills . | . . . . . Allies Corrupted . | . . . . . Allies Melted . | . . . . . Intel | -11 -10 -9 -8 -8 ------- Run | Yrd Mat Mat Mat Sto Robot Analysis Total . | . . . . . Derelict Logs Recovered . | . . . . . Drone Launches . | . . . . . Drone Recoveries . | . . . . . Exploration | -11 -10 -9 -8 -8 ------------- Run | Yrd Mat Mat Mat Sto Turns Passed 1928 | 62 321 428 308 809 Spaces Moved 1543 | 49 293 559 128 514 Core 32 | 12 12 3 . 5 Treads . | . . . . . Legs 811 | 37 103 34 128 509 Wheels . | . . . . . Hover . | . . . . . Flight 700 | . 178 522 . . Fastest Speed 34 | 50 37 34 120 120 Average Speed 82 | 102 72 41 120 120 Slowest Speed 200 | 120 190 200 122 200 Overloaded Moves . | . . . . . Propulsion Burnouts . | . . . . . Robots Hopped 5 | . 1 4 . . Cave-ins Triggered . | . . . . . Exploration Rate (%) 28 | 3 44 34 13 46 Regions Visited 4 Branch Regions 1 Pre-discovered Areas . | . . . . . Known Exits Taken . | . . . . . Unknown Exits Taken 4 | 1 1 1 1 . Scrap Searched . | . . . . . Spaces Dug . | . . . . . Terrain Destroyed 26 | . . . . 26 Melee . | . . . . . Projectile 5 | . . . . 5 AOE 21 | . . . . 21 Terrain Rammed . | . . . . . Walls Destroyed . | . . . . . Machines Disabled . | . . . . . Actions | -11 -10 -9 -8 -8 --------- Run | Yrd Mat Mat Mat Sto Total 1974 | 60 363 727 206 618 Wait 168 | . 26 117 8 17 Move 1529 | 48 290 550 127 514 Hop 5 | . 1 4 . . Pick Up 43 | 6 13 9 7 8 Fast Attach 6 | . . 5 . 1 Attach 28 | 6 6 6 3 7 Detach 2 | . . 2 . . Swap 18 | . . 5 7 6 Drop 18 | . 1 11 3 3 Fire 151 | . 25 18 50 58 Melee . | . . . . . Ram 3 | . . . . 3 Kick 3 | . 1 . 1 1 Crush . | . . . . . Escape Stasis . | . . . . . Rewire . | . . . . . Trap . | . . . . . Miscellaneous . | . . . . . Route ------- -11/Scrapyard -10/Materials (discovered 2 exits: *Mat x2) -9/Materials -8/Materials -8/Storage (discovered 1 exit: Rec) History --------- Turn | Location | Event 4 | -11/Scrapyard | Discovered new exit (range 16) 63 | -11/Scrapyard | Entered Materials 229 | -10/Materials | Discovered new exit (range 9) 284 | -10/Materials | Lost 4 parts (1p2n1w) 326 | -10/Materials | Build established: Mutant 333 | -10/Materials | Discovered new exit (range 16) 370 | -10/Materials | Repaired Tractor Beam 384 | -10/Materials | Entered another Materials area 384 | -9/Materials | Evolved 2 slots: Propulsion x1, Utility x1 489 | -9/Materials | Destroyed 7 combat bots 748 | -9/Materials | Discovered new exit (range 15) 812 | -9/Materials | Entered another Materials area 812 | -8/Materials | Evolved 2 slots: Propulsion x2 885 | -8/Materials | Discovered new exit (range 17) 1120 | -8/Materials | Entered Storage 1374 | -8/Storage | Identified exit to Recycling 1907 | -8/Storage | Core integrity fell below 50% 1920 | -8/Storage | Core integrity fell below 20% 1929 | -8/Storage | Destroyed by G-47 Trooper with Particle Gun Last Messages --------------- 01905_ U-05 Engineer builds a Wall. 01906_ Acquired 10 matter. 01907_ Acquired 1 matter. 01907_ G-47 Trooper destroyed. 01908_ Acquired 1 matter. 01910_ Imp. Light Armor Plating destroyed. 01911_ U-05 Engineer lays Concrete. 01912_ Imp. Sensor Array destroyed. 01913_ Acquired Imp. Aluminum Leg. 01914_ Lgt. Assault Rifle destroyed. 01914_ Slammed into G-47 Trooper. 01914_ Critical hit (Burn: +37). 01916_ M-13 Machinist repairs G-47 Trooper. 01916_ Slammed into G-47 Trooper. 01916_ Critical hit (Burn: +37). 01918_ Slammed into G-47 Trooper. 01918_ Destabilizing: System corrupted (+2). 01920_ System corrupted: Energy discharge (-40). 01921_ R-06 Scavenger collects Aluminum Leg. 01928_ Acquired Adv. Treads. Map ----- +----------------------------------------------------+ | ????????? #??????????# * # | | ????????? #??????????# # #### # | | ?????????#########??????????# # #??# # | | ????????????????????????????# ###??# # | | ????????????????????????????#### ##???# # | | ???????????????????????????????#######????# # | | ??????????????????????????????????????????# # | | ??????????????????????????????????????????# # | | ??????????????????????????????????????????# # | | ???????????????????????????????????########+## # | | ???????????????????????????????????# # # | | ???????????????????????????????????# # # | | ???????????????????????????????????# # # | | ???????????????????????????## ##???# + # | | ???????????????????????????##"##???# % # # | | ???????????????????#####???## T#???# # # | | ???????????????????# ######"###### # # | | ????????????#####??# + # # | | ???????????## # #### ############## # | | ??????????######## #= #?###[=!! # # | | ??????????# # #[! #?#""*[[ # # | | ??????????# ###*%######### #?#"Y*[^ # # | | ??????????# / % #???????# #?#""=""" ^ # # | | ??????????# # %#??????## #####=""" + # | | ???######## # m######## ####!""" # # | | += ]# %gg @ + + """ # # | | ####+### # r # #### """ # # | | ### ! ## # ##+##### # # | | agu # ####"T"#### # | | ############# ####### ! # """ #??#"""#??##### | | ????????????#####?????#% # """ #??#####??????? | | ??????????????????????######## """ #?????????????? | | ?????????????????????????????# #?????????????? | | ?????????????????????????????#######?????????????? | | | | | | | | | | | | | | | | | | | | | | | | | | | | | | | | | +----------------------------------------------------+ Best States ------------- Heat Dissipation 31 Energy Generation 14 Energy Capacity 250 Matter Stores 300 Matter Capacity 300 Sight Range 16 Robot Scan Range 15 Terrain Scan Density 10 ECM Strength 1 Armor Coverage 150 Core Shielding 20 Evasion (%) 63 Item Schematics ----------------- None Robot Schematics ------------------ None Fabricated ------------ Nothing Alien Tech Used ----------------- None Achievements -------------- None Challenges ------------ None Game ------ Seed IonicImprinterMultitool Manual? 0 Play Time 00:33:19 Cumulative 38.5 hours Start 2024.07.09 @ 12:22:20 End 2024.07.09 @ 13:00:22 Sessions 1 Manual Loads 0 Difficulty Rogue Special Mode None Game No. 111 Rogue 111 Adventurer 0 Explorer 0 Win Type - Total 0 Types 0/0/0/0/0/0/0/0/0 Lore% 18 Gallery% 35 Achievement% 23 Wizard Run 0 Options --------- Layout 0 ASCII 0 Keyboard 0 Movement Arrows Keybinds 0 Fullscreen 1 Font 12/Smallcaps Map View 38x28 Zoom Use 100% Tactical HUD 1 Map Filters NONE Filters NONE Steam SD RUN: aba2c9ad-7e6f-434c-b91f-1e093adc30d0